 Dungeon Crawl Stone Soup version 0.25-a0-410-g53dbb631d1 (webtiles) character file.

Game seed: 2971481389438618583, levelgen mode: deterministic

40 MrRokkomies the Stinger (level 3, -3/21 HPs)
             Began as an Octopode Venom Mage on Jan 13, 2020.
             Slain by a worm (5 damage)
             ... on level 2 of the Dungeon.
             The game lasted 00:02:21 (1388 turns).

MrRokkomies the Stinger (Octopode Venom Mage)       Turns: 1388, Time: 00:02:21

Health: -3/21      AC:  1    Str:  7    XL:     3   Next: 50%
Magic:  0/6        EV: 14    Int: 18    God:
Gold:   95         SH:  0    Dex: 12    Spells: 3/6 levels left

rFire    . . .     SeeInvis .   c - +0 whip
rCold    . . .     Gourm    .   (no shield)
rNeg     . . .     Faith    .   (helmet restricted)
rPois    .         Spirit   .   (no amulet)
rElec    .         Reflect  .   (no ring)
rCorr    .         Harm     .   (no ring)
MR       .....                  (no ring)
Stlth    +++.......             (no ring)
HPRegen  0.07/turn              (no ring)
MPRegen  0.10/turn              (no ring)
                                (no ring)
                                (no ring)

@: no status effects
A: almost no armour, stealthy swim, amphibious, 8 rings, constrict 8, camouflage
1, gelatinous body 1
a: no special abilities


You were on level 2 of the Dungeon.
You were hungry.

You visited 1 branch of the dungeon, and saw 2 of its levels.

You collected 95 gold pieces.

Inventory:

Hand Weapons
 c - a +0 whip (weapon)
Scrolls
 a - a scroll of enchant weapon {unknown}
 d - a scroll of identify {unknown}
 f - a scroll of remove curse {unknown}
 i - a scroll of magic mapping {unknown}
Potions
 e - 2 potions of resistance {unknown}
 g - a potion of agility {unknown}
 h - a potion of flight {unknown}
Comestibles
 b - 6 rations


   Skills:
 * Level 2.8 Dodging
 + Level 3.4 Stealth
 - Level 2.0 Spellcasting
 - Level 1.0 Transmutations
 * Level 4.4 Poison Magic


You had 3 spell levels left.
You knew the following spells:

 Your Spells              Type           Power        Failure   Level  Hunger
a - Sting                 Tmut/Pois      ##..         6%          1    #......
b - Poisonous Vapours     Pois/Air       #.....       11%         2    ###....

Your spell library contained the following spells:

 Spells                   Type           Power        Failure   Level  Hunger
 Ignite Poison            Fire/Tmut/Pois #.......     26%         3    ###....
 Mephitic Cloud           Conj/Pois/Air  #.......     30%         3    ###....
 Olgreb's Toxic Radiance  Pois           ###.....     28%         4    #####..


Dungeon Overview and Level Annotations

Branches:
Dungeon (2/15)

Altars:


Innate Abilities, Weirdness & Mutations

You cannot wear most types of armour.
You are very stealthy in the water. (Stealth+)
You are amphibious.
You can wear up to eight rings at the same time.
You can use your tentacles to constrict eight enemies at once.
Your skin changes colour to match your surroundings (Stealth+).
Your rubbery body absorbs attacks. (AC +1, EV +1)


Message History

Aiming: Poisonous Vapours (safe; 11% risk of failure)
Press: ? - help, Dir - move target cursor, f/p - worm
Aim: a worm (moderately wounded, poisoned) Poisonous vapours surround the worm!
You hit the worm. You grab the worm.
The worm is heavily wounded.
You constrict the worm. The worm bites you!
Ouch! That really hurt!
* * * LOW HITPOINT WARNING * * *
You hit the worm.
The worm is severely wounded.
You constrict the worm, but do no damage.
The worm looks more healthy.
You hit the worm but do no damage.
The worm is severely wounded.
You constrict the worm. The worm closely misses you.
You hit the worm.
The worm is severely wounded.
You constrict the worm. The worm bites you.
You die...

#####.#
#...#)######.#.#
#............#
#............# #
#....######..#
.##
####.........#
....
#....###.##.##
..... #..###
#.##.##......
#..
#....@w......
...
####.##......
##.# ...# .....
.. ..#### ....
## ###


You could see a worm.

Vanquished Creatures
  2 oozes
  3 dart slugs (D:1)
  A giant cockroach (D:1)
  4 goblins
  3 hobgoblins
  3 kobolds (D:1)
  4 bats (D:1)
  3 frilled lizards
  4 rats (D:1)
27 creatures vanquished.

Notes
Turn   | Place    | Note
-------+----------+-------------------------------------------
     0 | D:1      | MrRokkomies the Octopode Venom Mage began the quest for the
                  | Orb.
     0 | D:1      | Reached XP level 1. HP: 11/11 MP: 3/3
   379 | D:1      | Reached XP level 2. HP: 14/17 MP: 5/5
   441 | D:1      | Reached skill level 4 in Poison Magic
   445 | D:1      | Learned a level 2 spell: Poisonous Vapours
   931 | D:1      | Reached XP level 3. HP: 21/21 MP: 6/6
  1201 | D:2      | HP: 1/21 [hobgoblin/+0 club (5)]
  1388 | D:2      | Slain by a worm

Levels and vault maps discovered:
D:1:      eino_arrival_cavern_a, layout_basic, chequers_serial_rivers_marsh
D:2:      layout_loops_ring, lightli_temple_of_fire, bh_walls_and_bars

Skill      XL: |  1  2 |
---------------+-------+-----
Stealth        | 3 |  3.4
Poison Magic   | 4 |  4.4
Dodging        | |  2.8
Spellcasting   | |  2.0
Transmutations | |  1.0

Action                   || total
-------------------------++-------
Melee: Whip              ||    64
       Unarmed           ||     6
       Constrict         ||    20
       Tentacles         ||    13
 Cast: Sting             ||     5
       Poisonous Vapours ||     3
 Stab: Sleeping          ||     6
  Eat: Chunk             ||     1
Armor: Skin              ||     7
Dodge: Dodged            ||    35

Table legend:
 A = Non-vault XP
 B = Vault XP
 C = Vault XP percentage of total XP
 D = Non-vault monster count
 E = Vault monster count
 F = Vault count percentage of total count
                 A         B        C        D         E       F
            +---------+---------+-------+---------+---------+-------
      Total |      58 |       0 |   0.0 |      27 |       0 |   0.0
            +---------+---------+-------+---------+---------+-------
        D:1 |      46 |       0 |   0.0 |      23 |       0 |   0.0
        D:2 |      12 |       0 |   0.0 |       4 |       0 |   0.0
            +---------+---------+-------+---------+---------+-------
